 Dungeon Crawl Stone Soup version 0.18-a0-1126-ga2d7f46 (webtiles) character file.

19 Chiseanne the Gusty (level 2, 0/24 HPs)
             Began as a Centaur Air Elementalist on Jan 20, 2016.
             Slain by Natasha (7 damage)
             ... on level 2 of the Dungeon.
             The game lasted 00:01:44 (1330 turns).

Chiseanne the Gusty (Centaur Air Elementalist)      Turns: 1330, Time: 00:01:44

Health: 0/24       AC:  4    Str: 10    XL:     2   Next: 55%
Magic:  2/4        EV:  9    Int: 14    God:
Gold:   19         SH:  0    Dex:  9    Spells: 1 memorised, 3 levels left

rFire  . . .     SeeInvis .     f - +0 short sword
rCold  . . .     Gourm    .     a - +0 robe
rNeg   . . .     Faith    .     (no shield)
rPois  .         Spirit   .     (no helmet)
rElec  .         Dismiss  .     (no cloak)
rCorr  .         Reflect  .     (no gloves)
SustAt .         Harm     .     (no barding)
MR     .....                    (no amulet)
Stlth  +.........               (no ring)
                                (no ring)

@: very slightly contaminated, very quick, not resistant to hostile
enchantments, very unstealthy
A: hooves 3, deformed body, speed 2, tough skin 3
a: no special abilities


You were on level 2 of the Dungeon.
You were not hungry.

You visited 1 branch of the dungeon, and saw 2 of its levels.

You collected 19 gold pieces.

Inventory:

Hand Weapons
 f - a +0 short sword (weapon)
Armour
 a - a +0 robe (worn)
Potions
 e - a potion of brilliance
 g - a potion of lignification {unknown}
 i - a potion of ambrosia {unknown}
Books
 b - a book of Air

   Spells                             Type                      Level
   a - Shock                          Conjuration/Air              1
   b - Swiftness                      Charms/Air                   2
   c - Repel Missiles                 Charms/Air                   2
   d - Static Discharge               Conjuration/Air              3
   e - Lightning Bolt                 Conjuration/Air              5
Comestibles
 c - 2 bread rations


   Skills:
 + Level 2.2 Fighting
 - Level 1.3 Dodging
 - Level 1.2 Stealth
 - Level 1.5 Spellcasting
 - Level 0.8 Conjurations
 - Level 2.6 Air Magic


You had 3 spell levels left.
You knew the following spells:

 Your Spells              Type           Power        Failure   Level  Hunger
a - Shock                 Conj/Air       #...         14%         1    ##.....


Dungeon Overview and Level Annotations

Branches:
Dungeon (2/15)

Altars:

Annotations:
D:2 Natasha


Innate Abilities, Weirdness & Mutations

You have hooves in place of feet.
Armour fits poorly on your strangely shaped body.
You cover ground very quickly.
You have extremely tough skin (AC +3).


Message History

You are too injured to fight recklessly!
You are too injured to fight recklessly!
Casting: Shock
Confirm with . or Enter, or press ? or * to list all spells.
Aiming: Shock
Press: ? - help, Shift-Dir - straight line, f - Natasha
Aim: Natasha (moderately wounded)
The zap hits Natasha.
Natasha is heavily wounded.
The bat hits you but does no damage.
Natasha mumbles some strange words.
Casting: Shock
Confirm with . or Enter, or press ? or * to list all spells.
Aiming: Shock
Press: ? - help, Shift-Dir - straight line, f/p - Natasha
Aim: Natasha (heavily wounded)
You miscast Shock.
You are very lightly contaminated with residual magic.
Sparks fly from your hands! Natasha claws you!
You die...

.......%. #.#....##.
#.#......
####......##.
##............
########......#.#.#.#
#..........#.........
#......<####..#......
#.......# #..@5b.....
#.......# #..h#w.>...
#.......# #..#(......
#.......##..###......
#.......##.. ........
........#..# .# #.#.#
###.[###... .. ....
#..# .# .. ##K.##.#


You could see a worm, Natasha, a crimson imp and a bat.

Vanquished Creatures
  2 giant cockroaches
  3 goblins (D:1)
  3 hobgoblins (D:1)
  A ball python (D:1)
  2 bats (D:1)
  A giant newt (D:1)
  4 kobolds (D:1)
  A rat (D:1)
17 creatures vanquished.

Notes
Turn   | Place    | Note
--------------------------------------------------------------
     0 | D:1      | Chiseanne the Centaur Air Elementalist began the quest for the Orb.
     0 | D:1      | Reached XP level 1. HP: 14/14 MP: 3/3
   123 | D:1      | Reached skill level 1 in Fighting
   554 | D:1      | Reached XP level 2. HP: 18/24 MP: 4/4
  1319 | D:2      | Noticed Natasha
  1330 | D:2      | Noticed a crimson imp
  1330 | D:2      | Slain by Natasha

Vault maps used:
D:1:      matt_arrival_diagonals, minmay_misc_feat_enclosed
D:2:      vehumet_crystals, st_stairs_4, minmay_misc_feat_more_columns,
          nicolae_ru_awakened_eye, uniq_natasha

Action                   || total
-------------------------++-------
Melee: Dagger            ||    26
       Unarmed           ||    20
       Short sword       ||    49
 Cast: Shock             ||     6
  Use: Scroll            ||     3
  Eat: Chunk             ||     1
